 Dungeon Crawl Stone Soup version 0.30-a0-305-g026cb31310 (webtiles) character file.

Game seed: 14666898536680235740

622 hikkokomori the Shield-Bearer (level 7, 0/55 HPs)
             Began as a Formicid Hunter on Oct 23, 2022.
             Slain by an ogre
             ... wielding a +0 giant club
              (22 damage)
             ... on level 6 of the Dungeon.
             The game lasted 00:11:27 (5184 turns).

hikkokomori the Shield-Bearer (Formicid Hunter)     Turns: 5184, Time: 00:11:28

Health: 0/55       AC:  9    Str: 15    XL:     7   Next: 75%
Magic:  7/7        EV:  5    Int:  9    God:
Gold:   320        SH: 15    Dex: 19    Spells: 6/6 levels left

rFire   . . .      SeeInvis +    v - +0 great sword (holy)
rCold   . . .      Faith    .    g - +0 tower shield
rNeg    + . .      Spirit   .    e - +0 chain mail
rPois   .          Reflect  .    (helmet unavailable)
rElec   .          Harm     .    y - scarf {repulsion}
rCorr   .          Rampage  .    o - +0 pair of gloves
Will    .....                    (no boots)
Stlth   ..........               (no amulet)
HPRegen 0.29/turn                s - ring of positive energy
MPRegen 0.10/turn                (no ring)

@: repel missiles
A: permanent stasis, dig shafts and tunnels, antennae 3, four strong arms
a: Dig, Shaft Self


You were on level 6 of the Dungeon.
You visited 1 branch of the dungeon, and saw 6 of its levels.

You collected 320 gold pieces.

Inventory:

Hand Weapons
 a - a +0 shortbow
 h - a +0 club
 k - a +2 short sword of speed
 p - a +0 morningstar
 v - a +0 great sword of holy wrath (weapon)
Armour
 c - a +0 leather armour
 e - a +0 chain mail (worn)
 g - a +0 tower shield (worn)
 m - a +0 plate armour
 o - a +0 pair of gloves (worn)
 y - a scarf of repulsion (worn)
Jewellery
 s - a ring of positive energy (left hand)
 u - an amulet of magic regeneration
Wands
 n - a wand of digging (8)
 B - a wand of polymorph (11)
Scrolls
 b - 2 scrolls of immolation
 l - a scroll of fear {unknown}
 r - 2 scrolls of teleportation {unknown}
 t - a scroll of blinking {unknown}
 z - 4 scrolls of magic mapping
 A - a scroll of noise {unknown}
Potions
 d - a potion of degeneration {unknown}
 f - 3 potions of curing
 i - 3 potions of heal wounds
 j - 2 potions of haste
 q - a potion of berserk rage {unknown}
 w - a potion of attraction {unknown}
 x - 2 potions of magic


   Skills:
 + Level 4.3 Fighting
 + Level 0.7 Long Blades
 - Level 5.1 Ranged Weapons
 + Level 2.3 Armour
 + Level 2.9 Dodging
 - Level 2.5 Stealth
 + Level 5.7 Shields


You had 6 spell levels left.
You didn't know any spells.
Your spell library contained the following spells:

 Spells                   Type           Power      Damage    Failure   Level
 Kiss of Death            Conj/Necr      0%         2d5       100%        1
 Confusing Touch          Hex            0%         N/A       100%        3
 Gell's Gravitas          Tloc           0%         N/A       100%        3
 Lesser Beckoning         Tloc           0%         N/A       100%        3
 Teleport Other           Tloc           0%         N/A       100%        3
 Dispel Undead            Necr           0%         3d6       100%        4
 Manifold Assault         Tloc           0%         N/A       100%        4
 Storm Form               Tmut/Air       0%         N/A       100%        7
 Blink                    Tloc           Unusable   N/A       N/A         2

Dungeon Overview and Level Annotations

Branches:
Dungeon (6/15)
 Temple: D:4-7

Altars:
Elyvilon


Innate Abilities, Weirdness & Mutations

You cannot be hasted, slowed, berserked, paralysed or teleported.
You can dig through walls and to a lower floor.
You have a pair of large antennae on your head. (SInv)
Your four strong arms can wield two-handed weapons with a shield.


Message History

The orc hits you but does no damage. You block the orc's attack.
You barely miss the orc. The orc hits you but does no damage.
Unknown command.
You slice the orc!!
You kill the orc!
No target in view!
No target in view!
HP restored.
There is a stone staircase leading up here.
Found a robe.
You now have 306 gold pieces (gained 11).
There is a stone staircase leading up here.
The hound barks!
You now have 320 gold pieces (gained 14).
You see here a +0 hand axe.
An ogre comes into view. It is wielding a +0 giant club.
An ogre is nearby!
An ogre is nearby!
Found a pair of gloves.
Unknown command.
Found a stone staircase leading down.
You block the ogre's attack.
Unknown command.
You slice the ogre!!
The ogre is severely wounded.
The ogre hits you with a +0 giant club!
Unknown command.
You barely miss the ogre.
The ogre is severely wounded.
The ogre hits you with a +0 giant club! x2
Unknown command.
You are too injured to fight recklessly!
Unknown command.
You hit the ogre.
The ogre is severely wounded.
You block the ogre's attack.
Unknown command.
You barely miss the ogre.
The ogre is severely wounded.
The ogre hits you with a +0 giant club!!
You die...

### #.####.# .# #..
....#># .# #.# ..#.#.#
.# #.# #.#.#.# .# #.#
#.#.#.# .#
#.#######.#.#$# .#
#.............####
.####.####......@O...#
.#............#..###....
)..##.####.####..# .
)..........# #..#
##.##.###### #..# #..#.#
#..# ##..#.. ..[#
....#.# ##.# ..###..


You could see an ogre.

Vanquished Creatures
  An ogre (D:4)
  A scorpion (D:5)
  A jelly (D:5)
  2 orc priests
  2 hounds
  2 iguanas (D:5)
  2 orc wizards (D:5)
  3 gnolls (D:3)
  7 adders
  An ufetubus (D:4)
  4 worms
  A dart slug (D:1)
  21 orcs
  10 endoplasms
  5 giant cockroaches
  6 goblins
  5 hobgoblins
  2 jackals (D:1)
  9 kobolds
  2 quokkas (D:3)
  8 ball pythons
  6 bats
  A frilled lizard (D:2)
  7 rats
109 creatures vanquished.

Vanquished Creatures (others)
  A hobgoblin (D:3)
1 creature vanquished.

Grand Total: 110 creatures vanquished

Notes
Turn   | Place    | Note
-------+----------+-------------------------------------------
     0 | D:1      | hikkokomori the Formicid Hunter began the quest for the
                  | Orb.
     0 | D:1      | Reached XP level 1. HP: 16/16 MP: 1/1
   120 | D:1      | Reached XP level 2. HP: 23/23 MP: 2/2
   299 | D:1      | Reached XP level 3. HP: 27/27 MP: 3/3
  1034 | D:2      | Reached skill level 1 in Shields
  1034 | D:2      | Reached XP level 4. HP: 20/34 MP: 4/4
  1949 | D:3      | Reached XP level 5. HP: 34/40 MP: 5/5
  2057 | D:3      | Reached skill level 5 in Ranged Weapons
  2725 | D:3      | Found a white marble altar of Elyvilon.
  2962 | D:4      | Noticed an ogre
  3047 | D:4      | Reached XP level 6. HP: 42/47 MP: 6/6
  3891 | D:4      | Killed an ogre
  4017 | D:5      | Entered Level 5 of the Dungeon
  4024 | D:5      | Reached skill level 1 in Armour
  4026 | D:5      | Reached XP level 7. HP: 49/53 MP: 7/7
  4069 | D:5      | Reached skill level 5 in Shields
  5184 | D:6      | Slain by an ogre

Illustrated notes

Levels and vault maps discovered:
D:1:      dpeg_arrival_shelter, layout_basic, hex_intersection
D:2:      layout_loops_corners, minmay_pentomino_w2
D:3:      layout_loops_corners, elyvilon_altar_4
D:4:      layout_loops_ring, serial_co_window_serial, co_window_paths_a,
          co_window_paths_a, co_window_paths_b, co_window_of_opportunity_a,
          co_window_corner_a, co_window_corner_ca, co_window_unsneaky_path_d,
          co_window_paths_c, co_window_broadway_c, co_window_2corner,
          co_window_corner_cb, glass_columns_b
D:5:      layout_loops_ring, roderic_roman_lattice, minmay_holes
D:6:      layout_loops_ring, zin_statuary,
          chequers_temple_overflow_statue_of_worship, minmay_temple_entry_fiery,
          gammafunk_ghost_arena, serial_shops, shop

Skill      XL: |  1  2  3  4  5  6  7 |
---------------+----------------------+-----
Dodging        | 2 |  2.9
Stealth        | 2 |  2.5
Shields        | 1 2 3 4 5 |  5.7
Ranged Weapons | 5 |  5.1
Fighting       | 3 4 |  4.3
Armour         | 1 2 |  2.3
Long Blades    | |  0.7

Action                   |  1- 3 |  4- 6 |  7- 9 || total
-------------------------+-------+-------+-------++-------
Melee: Short sword       |       |   164 |       ||   164
       Great sword       |       |    12 |    94 ||   106
 Fire: Shortbow          |    94 |    13 |       ||   107
  Use: Scroll            |       |     3 |     2 ||     5
       Potion            |       |       |     2 ||     2
 Stab: Sleeping          |       |     4 |       ||     4
Armor: Leather armour    |     9 |     6 |       ||    15
       Chain mail        |       |    39 |    47 ||    86
Dodge: Dodged            |    21 |    31 |     9 ||    61
       Repelled          |       |       |     1 ||     1
Block: Tower shield      |    12 |    96 |    84 ||   192

Table legend: (Time is in decaauts)
 A = Elapsed time spent in this place.
 B = Non-inter-level travel time spent in this place.
 C = Inter-level travel time spent in this place.
 D = Time resting spent in this place.
 E = Time spent auto-exploring this place.
 F = Levels seen in this place.
 G = Mean time per level.
                   A        B        C        D        E       F      G
               +--------+--------+--------+--------+--------+-----+--------+
         Total |   5325 |   5036 |    289 |    322 |   3688 |   6 |  887.5 |
       Dungeon |   5325 |   5036 |    289 |    322 |   3688 |   6 |  887.5 |
               +--------+--------+--------+--------+--------+-----+--------+

Top non-repeatable levels by time:
     D:5: 1181 daAuts
     D:3: 1127 daAuts
     D:2: 1125 daAuts
     D:4: 1027 daAuts
     D:1: 786 daAuts
     D:6: 77 daAuts
